 Dungeon Crawl Stone Soup version 0.31.0-1-g2c135a0 (webtiles) character file.

Game seed: 17080670483432072856

44 e90rm the Sneak (level 3, -4/24 HPs)
             Began as a Vampire Enchanter on Apr 2, 2024.
             Killed by divine providence
             ... invoked by an orc priest
              (10 damage)
             ... on level 3 of the Dungeon.
             The game lasted 00:06:37 (1536 turns).

e90rm the Sneak (Vampire Enchanter)                 Turns: 1536, Time: 00:06:38

Health: -4/24      AC: 14    Str:  9    XL:     3   Next: 41%
Magic:  6/6        EV:  8    Int: 17    God:
Gold:   149        SH:  0    Dex: 14    Spells: 6/6 levels left

rFire   . . .        f - +2 dagger (protect)
rCold   . . .        w - orb {light}
rNeg    . . .        l - +0 scale mail
rPois   .            i - +0 helmet
rElec   .            (no cloak)
rCorr   .            (no gloves)
SInv    +            (no boots)
Will    .....        (no amulet)
Stlth   +            (no ring)
HPRegen 0.44/turn    (no ring)
MPRegen 0.10/turn

%: no passive effects
@: under a protective aura, healing quickly, glowing
A: alive, fangs 3, see invisible, vampiric 2
a: Exsanguinate


You were on level 3 of the Dungeon.
You visited 1 branch of the dungeon, and saw 3 of its levels.

You collected 149 gold pieces.

Inventory:

Hand Weapons
 a - a +1 dagger
 e - a +0 spear of venom
 f - a +2 dagger of protection (weapon)
 p - a +0 rapier
Missiles
 r - 5 stones (quivered)
Armour
 g - a +0 robe
 i - a +0 helmet (worn)
 l - a +0 scale mail (worn)
 m - a +0 robe of fire resistance
 w - an orb of light (worn)
Jewellery
 j - a ring of protection from fire
 o - a ring of positive energy
Scrolls
 b - a scroll of torment {unknown}
 d - 2 scrolls of vulnerability {unknown}
 k - a scroll of identify {unknown}
 q - a scroll of fog {unknown}
 s - a scroll of fear {unknown}
 t - a scroll of butterflies {unknown}
Potions
 c - 3 potions of invisibility
 h - a potion of haste {unknown}
 n - 2 potions of heal wounds {unknown}
 u - a potion of cancellation {unknown}
 v - a potion of curing {unknown}


   Skills:
 + Level 0.2 Fighting
 + Level 1.9 Short Blades
 + Level 0.2 Armour
 + Level 2.7 Dodging
 + Level 5.0 Stealth
 + Level 2.2 Spellcasting
 + Level 4.9 Hexes


You had 6 spell levels left.
You didn't know any spells.
Your spell library contained the following spells:

 Spells                   Type           Power      Damage    Failure   Level
 Confusing Touch          Hex            18%        N/A       54%         3
 Tukima's Dance           Hex            18%        N/A       54%         3
 Ensorcelled Hibernation  Hex/Ice        20%        N/A       65%         2
 Dazzling Flash           Conj/Hex       20%        N/A       86%         3
 Passwall                 Erth           1%         N/A       99%         3
 Swiftness                Air            1%         N/A       99%         3


Dungeon Overview and Level Annotations

Branches:
Dungeon (2/15)

Altars:
Vehumet


Innate Abilities, Weirdness & Mutations

Your natural rate of healing is accelerated.
You have razor-sharp teeth.
You have supernaturally acute eyesight. (SInv)
You are afflicted with vampirism and can become a bat while bloodless.


Message History

Key pressed, stopping explore.
Found a leather armour.
You now have 149 gold pieces (gained 8).
A malevolent force fills the Dungeon...
You fall into a shaft and drop 1 floor!
The shaft crumbles and collapses.
Found a radiant altar of Vehumet.
There is a radiant altar of Vehumet here.
You open the door.
There is an open door here.
There is an open door here.
You open the door.
There is an open door here.
Found an escape hatch in the ceiling.
An orc priest comes into view.
It is wielding a +0 falchion and wearing a +2 leather armour of fire resistance.
The orc priest shouts!
You hear a shout! x2
You hear a shout!
The orc priest casts a cantrip, but nothing happens.
An orc comes into view. It is wielding a +0 dagger.
You see here a scroll labelled ZOTIAN YTHRAPUKK.
An orc comes into view. It is wielding a +0 trident.
The orc priest attacks as it pursues you!
The orc priest hits you with a +0 falchion.
An orc wizard comes into view. It is wielding a +0 dagger.
The orc priest invokes the aid of Beogh against you.
Beogh smites you!
Ouch! That really hurt!
There is an escape hatch in the ceiling here.
You hit the orc priest but do no damage.
Your weapon exudes an aura of protection.
The orc priest hits you with a +0 falchion.
* * * LOW HITPOINT WARNING * * *
You hit the orc priest but do no damage.
The orc wizard casts a spell.
The orc wizard flickers and vanishes for a moment.
The orc hits you with a +0 dagger.
* * * LOW HITPOINT WARNING * * *
The orc priest mumbles some strange prayers to Beogh against you.
Beogh smites you!
You die...

#####.##.##.######.
#.##...........
#.......#######
######..# #..# #..#
########.<#
........o.#######
##......o@......#
#.#.####.#####.# #
#o# #.#####.##
#o?.......
#.#####.## #.# #.#
#.#


You could see an orc priest, an orc wizard (invisible) and 2 orcs.

Vanquished Creatures
  3 dart slugs
  2 ball pythons (D:1)
  4 endoplasms
  2 giant cockroaches (D:2)
  3 hobgoblins
  9 kobolds
  A quokka (D:1)
  4 bats
  3 goblins (D:1)
  A rat (D:1)
32 creatures vanquished.

Vanquished Creatures (others)
  A frilled lizard (D:1)
1 creature vanquished.

Grand Total: 33 creatures vanquished

Notes
Turn   | Place    | Note
-------+----------+-------------------------------------------
     0 | D:1      | e90rm the Vampire Enchanter began the quest for the Orb.
     0 | D:1      | Reached XP level 1. HP: 13/13 MP: 3/3
   192 | D:1      | Reached XP level 2. HP: 19/19 MP: 5/5
   520 | D:1      | Reached skill level 5 in Stealth
   914 | D:2      | Gained mutation: You are afflicted with vampirism and can
                  | become a bat while bloodless. [Vampire growth]
   914 | D:2      | Reached XP level 3. HP: 22/24 MP: 6/6
  1485 | D:2      | You fall into a shaft and drop 1 floor!
  1485 | D:3      | Found a radiant altar of Vehumet.
  1536 | D:3      | Killed from afar by an orc priest

Illustrated notes

Levels and vault maps discovered:
D:1:      pf_arrival_petrified_forest, layout_basic, nicolae_titane
D:2:      layout_loops_cross, glass_columns_b
D:3:      layout_loops_ring, mainiacjoe_overflow_alcove_4,
          nicolae_vehumet_altar_sigil, lemuel_doored_altar

Skill      XL: |  1  2 |
---------------+-------+-----
Stealth        | 5 |  5.0
Fighting       | |  0.2
Short Blades   | |  1.9
Armour         | |  0.2
Dodging        | |  2.7
Spellcasting   | |  2.2
Hexes          | |  4.9

Action                     || total
---------------------------++-------
  Melee: Dagger            ||   131
         Bite              ||     8
         Punch             ||     1
  Throw: Stone             ||     3
   Stab: Sleeping          ||     1
 Armour: Robe              ||    42
         Scale mail        ||    49
  Dodge: Dodged            ||    83
